 Dungeon Crawl Stone Soup version 0.25.1-2-g60ff931df9 (webtiles) character file.

Game seed: 1729443604267062228

2974 Delamore the Basher (level 9, -4/54 HPs)
             Began as a Gargoyle Fighter on Oct 15, 2020.
             Was an Elder of Okawaru.
             Slain by a vampire (9 damage)
             ... on level 9 of the Dungeon.
             The game lasted 00:08:46 (7008 turns).

Delamore the Basher (Gargoyle Fighter)              Turns: 7008, Time: 00:08:47

Health: -4/54      AC: 14    Str: 23    XL:     9   Next: 82%
Magic:  9/9        EV:  7    Int:  9    God:    Okawaru [****..]
Gold:   148        SH: 10    Dex:  9    Spells: 8/8 levels left

rFire    + . .     SeeInvis .   a - +0 flail
rCold    . . .     Gourm    .   c - +0 kite shield
rNeg     + + .     Faith    .   b - +0 scale mail
rPois    ∞         Spirit   .   w - +0 helmet
rElec    +         Reflect  .   x - -2 cloak (curse)
rCorr    .         Harm     .   j - +0 pair of gloves
MR       .....                  (no boots)
Stlth    ..........             p - amulet of regeneration
HPRegen  0.58/turn              F - ring of protection from fire
MPRegen  0.11/turn              r - ring of positive energy

@: no status effects
A: negative energy resistance 1, electricity resistance, unbreathing,
petrification resistance, rot immunity, AC +6
a: Heroism, Renounce Religion


You were on level 9 of the Dungeon.
You worshipped Okawaru.
Okawaru was greatly pleased with you.
You were not hungry.

You visited 1 branch of the dungeon, and saw 9 of its levels.
You also visited: Sewer.

You collected 393 gold pieces.
You spent 245 gold pieces at shops.

Inventory:

Hand Weapons
 a - a +0 flail (weapon)
Missiles
 y - 7 atropa-tipped darts
 D - a javelin (quivered)
Armour
 b - a +0 scale mail (worn)
 c - a +0 kite shield (worn)
 j - a +0 pair of gloves (worn)
 w - a +0 helmet (worn)
 x - a cursed -2 cloak (worn)
Jewellery
 o - an uncursed ring of poison resistance
 p - an amulet of regeneration (around neck)
 r - a ring of positive energy (right hand)
 E - an uncursed amulet of the acrobat
 F - a ring of protection from fire (left hand)
 K - the ring "Qeimofoc" {rC+ rN+++ Int-5 Dex+6, unknown}
   (You found it on level 7 of the Dungeon)

   [ring of protection from cold]

   It affects your intelligence (-5).
   It affects your dexterity (+6).
   It protects you from cold.
   It renders you almost immune to negative energy.
Wands
 z - a wand of disintegration (21)
 C - a wand of random effects (17)
Scrolls
 i - a scroll of fear
 k - 8 scrolls of blinking
 m - 7 scrolls of remove curse
 q - 5 scrolls of teleportation
 s - 4 scrolls of enchant armour
 v - 2 scrolls of noise
 A - a scroll of magic mapping
 G - a scroll of random uselessness
 I - 2 scrolls of amnesia
 J - a scroll of identify
Potions
 d - a potion of might
 e - a potion of stabbing
 g - 4 potions of haste
 h - 3 potions of resistance
 l - 2 potions of degeneration
 n - 4 potions of heal wounds
 t - 2 potions of curing
 u - a potion of flight
 H - a potion of lignification
Comestibles
 f - 14 rations


   Skills:
 - Level 5.0 Fighting
 + Level 12.2 Maces & Flails
 - Level 3.2 Armour
 - Level 5.0 Shields


You had 8 spell levels left.
You didn't know any spells.
Your spell library contained the following spells:

 Spells                   Type           Power        Failure   Level  Hunger
 Beastly Appendage        Tmut           #.....       98%         1    ##.....
 Sticks to Snakes         Tmut           #.......     99%         2    ###....
 Spider Form              Tmut/Pois      #.........   100%        3    ####...
 Ice Form                 Ice/Tmut       #.......     100%        4    #####..
 Blade Hands              Tmut           #.........   100%        5    ######.


Dungeon Overview and Level Annotations

Branches:
Dungeon (9/15)             Temple (0/1) D:6            Lair (0/6) D:8
  Sewer (visited)
    Orc: D:9-12

Altars:
Cheibriados
Dithmenos
Elyvilon
Makhleb
Nemelex Xobeh
Okawaru
Qazlal
Sif Muna
Wu Jian

Shops:
D:6 **!}   D:7 (

Annotations:
D:6 3 runed translucent doors, CrazyMind's ghost, novice DrEE; mandor's ghost, novice GnWn


Innate Abilities, Weirdness & Mutations

You are resistant to torment.
Your stone body is resilient. (AC +6)
You are immune to poison.
You resist negative energy. (rN+)
You are resistant to electric shocks. (rElec)
You can survive without breathing.
You are immune to petrification.
You are immune to rotting.


Message History

Something bites you but does no damage.
You completely miss something. Something hits you but does no damage.
Something bites you.
* * * LOW HITPOINT WARNING * * *
You completely miss something. Something hits you but does no damage.
Something bites you but does no damage.
You bump into the rock wall.
You hear some strange, mumbled words.
Something tries to affect you, but you resist.
You completely miss something.
You feel less confused. You block something's attack.
Something bites you but does no damage.
You miss something. Something hits you but does no damage.
Something bites you but does no damage.
You closely miss something.
Unholy energy fills the air.
* * * LOW HITPOINT WARNING * * *
You miss something. Something hits you!
* * * LOW HITPOINT WARNING * * *
Something bites you!
You die...

. # ### ##
#...#.##@## ..#
#....O{)†# ..#
#..####<)##.## ###
#......# ...
##..##..#.# ##..#
...#
##...###...#..
.####..##.#.......
........<......#


You could see an ogre.

Vanquished Creatures
  A troll (D:9)
  A hippogriff (D:9)
  A wyvern (D:8)
  An orc warrior (D:8)
  7 ogres
  2 necrophages
  2 centaurs (D:5)
  A crocodile (D:2)
  A big kobold (Sewer)
  2 bullfrogs
  A water moccasin skeleton (D:8)
  2 crimson imps
  A bullfrog zombie (D:5)
  4 hounds
  A quasit (D:7)
  A centaur skeleton (D:4)
  3 orc priests
  A centaur zombie (D:3)
  5 orc wizards
  2 iguanas
  An iron imp (D:6)
  2 bullfrog skeletons
  4 worker ants
  A worker ant zombie (D:8)
  14 adders
  2 howler monkey skeletons
  A river rat (Sewer)
  3 oozes
  An adder zombie (D:2)
  2 adder skeletons
  3 worms
  A dart slug (D:2)
  7 leopard geckos
  12 orcs
  5 ball pythons
  8 bats
  A bat skeleton (D:2)
  A giant cockroach (D:2)
  7 goblins
  9 hobgoblins
  9 jackals
  A quokka (D:9)
  A ball python skeleton (D:6)
  3 frilled lizards
  A jackal zombie (D:2)
  15 kobolds
  A quokka skeleton (D:7)
  9 rats
165 creatures vanquished.

Vanquished Creatures (others)
  A withered plant (D:6)
1 creature vanquished.

Grand Total: 166 creatures vanquished

Notes
Turn   | Place    | Note
-------+----------+-------------------------------------------
     0 | D:1      | Delamore the Gargoyle Fighter began the quest for the Orb.
     0 | D:1      | Reached XP level 1. HP: 14/14 MP: 1/1
   207 | D:1      | Reached XP level 2. HP: 19/19 MP: 2/2
   627 | D:1      | Reached XP level 3. HP: 23/24 MP: 3/3
  1318 | D:2      | Reached XP level 4. HP: 29/29 MP: 4/4
  1408 | D:2      | Reached skill level 3 in Maces & Flails
  1670 | D:2      | Found a shimmering blue altar of Sif Muna.
  1995 | D:2      | Reached XP level 5. HP: 34/34 MP: 5/5
  2270 | D:3      | Noticed a crocodile
  2327 | D:2      | Killed a crocodile
  2327 | D:2      | Reached XP level 6. HP: 19/40 MP: 6/6
  2383 | D:3      | Reached skill level 5 in Shields
  2390 | D:3      | Reached skill level 5 in Fighting
  2409 | D:3      | Reached skill level 4 in Maces & Flails
  2462 | D:3      | Found an iron altar of Okawaru.
  2479 | D:3      | Became a worshipper of Warmaster Okawaru
  2659 | D:3      | Found a glowing drain.
  2668 | Sewer    | Entered a sewer
  2793 | Sewer    | Found a white marble altar of Elyvilon.
  2954 | D:3      | Reached skill level 5 in Maces & Flails
  3219 | D:4      | Reached XP level 7. HP: 36/44 MP: 7/7
  3741 | D:4      | Reached * piety under Okawaru
  3741 | D:4      | Reached skill level 6 in Maces & Flails
  3872 | D:4      | Found a stormy altar of Qazlal.
  3875 | D:4      | Noticed a water elemental
  3875 | D:4      | Noticed an air elemental
  3875 | D:4      | Noticed a fire elemental
  4068 | D:5      | Entered Level 5 of the Dungeon
  4121 | D:5      | Found an iron altar of Okawaru.
  4308 | D:5      | Reached skill level 7 in Maces & Flails
  4466 | D:5      | Reached XP level 8. HP: 49/49 MP: 8/8
  4568 | D:5      | Reached skill level 8 in Maces & Flails
  4865 | D:5      | Reached ** piety under Okawaru
  4865 | D:5      | Reached skill level 9 in Maces & Flails
  5218 | D:6      | Found an ornate altar of the Wu Jian Council.
  5218 | D:6      | Found a white marble altar of Elyvilon.
  5218 | D:6      | Found a shadowy altar of Dithmenos.
  5272 | D:6      | Found a staircase to the Ecumenical Temple.
  5361 | D:6      | Found Wute's Gadget Boutique.
  5552 | D:6      | Found a runed translucent gate.
  5553 | D:6      | Found a runed translucent gate.
  5553 | D:6      | Found a runed translucent gate.
  5560 | D:6      | Noticed CrazyMind's ghost (novice DrEE)
  5561 | D:6      | Noticed mandor's ghost (novice GnWn)
  5609 | D:6      | Reached skill level 10 in Maces & Flails
  5654 | D:6      | Found Nuplo's Distillery.
  5657 | D:6      | Bought a potion of heal wounds for 65 gold pieces
  5657 | D:6      | Bought a potion of heal wounds for 65 gold pieces
  5786 | D:6      | Found a snail-covered altar of Cheibriados.
  5796 | D:6      | Reached XP level 9. HP: 52/54 MP: 9/9
  5872 | D:6      | Found Calor's Assorted Antiques.
  5881 | D:6      | Bought a scroll of identify for 40 gold pieces
  5897 | D:6      | Found Efo Son's General Store.
  5900 | D:6      | Bought a scroll of magic mapping for 35 gold pieces
  5900 | D:6      | Bought a scroll of random uselessness for 10 gold pieces
  5900 | D:6      | Bought a potion of lignification for 30 gold pieces
  5995 | D:7      | Found a sparkling altar of Nemelex Xobeh.
  6040 | D:7      | Found Jeufady's Antique Weapon Shoppe.
  6107 | D:7      | Reached *** piety under Okawaru
  6254 | D:7      | Got a shimmering wooden ring
  6306 | D:7      | Reached skill level 11 in Maces & Flails
  6623 | D:7      | Found a burning altar of Makhleb.
  6717 | D:8      | Found a staircase to the Lair.
  6805 | D:8      | Noticed a two-headed ogre
  6931 | D:9      | Noticed a troll
  6938 | D:9      | Killed a troll
  6977 | D:9      | Reached **** piety under Okawaru
  6977 | D:9      | Reached skill level 12 in Maces & Flails
  7008 | D:9      | Slain by a vampire

Illustrated notes

Levels and vault maps discovered:
D:1:      dpeg_arrival_concentric_ovals, layout_basic, st_stairs_12,
          roderic_lattice_a
D:2:      layout_loops_ring, overflow_temple_1_default, serial_undead,
          serial_undead_d, serial_undead_e, serial_undead_e, serial_undead_b,
          first_ration
D:3:      layout_rooms, lemuel_doored_altar, portal_sewer_entry_d
D:4:      layout_gridville, nicolae_qazlal_style_of_elements
D:5:      layout_basic, kennysheep_okawaru_gauntlet
D:6:      layout_gridville, slow_altar_2, gammafunk_temple_overflow_forgotten,
          minmay_temple_entry_statues_pillars, serial_shops, shop,
          kennysheep_mini_moat, shop, nicolae_shop_behind_doors,
          gammafunk_ghost_cemetery
D:7:      layout_loops_ring, nemelex_xobeh_ov_fountains_minmay,
          lemuel_coloured_pillars_altar, serial_shops, nicolae_shop_trees
D:8:      layout_rooms, grunt_temple_overflow_diamond, dpeg_oklobed_lair,
          uniq_maurice
D:9:      layout_cave_pools, lemuel_crystal_altar, serial_shops,
          nicolae_shop_waterfront, the_bakery

Skill      XL: |  1  2  3  4  5  6  7  8  9 |
---------------+----------------------------+-----
Shields        | 4 5 |  5.0
Fighting       | 4 5 |  5.0
Maces & Flails | 3 5 7 10 12 | 12.2
Armour         | |  3.2

Action                   |  1- 3 |  4- 6 |  7- 9 || total
-------------------------+-------+-------+-------++-------
Melee: Flail             |   149 |   296 |   431 ||   876
Throw: Javelin           |       |       |     3 ||     3
  Use: Scroll            |     2 |     4 |     5 ||    11
       Potion            |       |     2 |       ||     2
  Eat: Chunk             |     2 |     7 |    12 ||    21
Armor: Scale mail        |   105 |   220 |   290 ||   615
Dodge: Dodged            |    49 |   108 |   157 ||   314
Block: Kite shield       |   104 |   211 |   261 ||   576
